 Dungeon Crawl Stone Soup version 0.28-a0-1002-gf00fe891ef (webtiles) character file.

Game seed: 138246849542360714

441 zeram the Chopper (level 7, -4/59 HPs)
             Began as a Hill Orc Fighter on Dec 7, 2021.
             Slain by an ogre (26 damage)
             ... on level 4 of the Dungeon.
             The game lasted 00:04:58 (3537 turns).

zeram the Chopper (Hill Orc Fighter)                Turns: 3537, Time: 00:04:59

Health: -4/59      AC:  8    Str: 21    XL:     7   Next: 2%
Magic:  7/7        EV:  9    Int:  8    God:
Gold:   120        SH:  0    Dex: 10    Spells: 4/6 levels left

rFire   . . .      SeeInvis .   j - +2 morningstar (vorpal)
rCold   . . .      Faith    .   c - +0 buckler
rNeg    . . .      Spirit   .   b - +0 scale mail
rPois   .          Reflect  .   e - +0 helmet
rElec   .          Harm     .   (no cloak)
rCorr   .          Rampage  .   (no gloves)
Will    .....                   (no boots)
Stlth   ..........              (no amulet)
HPRegen 0.19/turn               (no ring)
MPRegen 0.10/turn               (no ring)

@: confused, ambrosia-drunk
A: no striking features
a: no special abilities


You were on level 4 of the Dungeon.
You visited 1 branch of the dungeon, and saw 4 of its levels.

You collected 120 gold pieces.

Inventory:

Hand Weapons
 a - a +0 war axe
 j - a +2 vorpal morningstar (weapon)
Missiles
 k - a throwing net (quivered)
Armour
 b - a +0 scale mail (worn)
 c - a +0 buckler (worn)
 d - a +2 animal skin
 e - a +0 helmet (worn)
Scrolls
 h - 2 scrolls of amnesia {unknown}
 i - 2 scrolls of noise
 l - a scroll of fear {unknown}
 m - a scroll of teleportation {unknown}
 n - 2 scrolls of identify
Potions
 f - a potion of degeneration
 o - a potion of haste {unknown}
 p - a potion of heal wounds {unknown}


   Skills:
 - Level 4.0 Fighting
 - Level 7.2 Axes
 + Level 5.2 Armour
 - Level 0.1 Dodging
 + Level 4.3 Shields


You had 4 spell levels left.
You knew the following spells:

 Your Spells              Type           Power      Damage    Failure   Level
a - Call Imp              Summ           0%         N/A       86%         2

Your spell library contained the following spells:

 Spells                   Type           Power      Damage    Failure   Level
 Magic Dart               Conj           0%         1d3       73%         1
 Mephitic Cloud           Conj/Pois/Air  0%         N/A       97%         3


Dungeon Overview and Level Annotations

Branches:
Dungeon (4/15)             Temple (0/1) D:4

Altars:


Message History

You now have 120 gold pieces (gained 7).
A jelly comes into view.
The jelly quivers.
A jelly is nearby!
A jelly is nearby!
A jelly is nearby!
The jelly closely misses you.
You hit the jelly.
Your hands burn!
The jelly is lightly wounded.
The jelly hits you but does no damage.
You sock the jelly!
You kill the jelly!
You have reached level 7!
HP restored.
Found a staircase to the Ecumenical Temple.
Found a leather armour.
An ogre comes into view. It is wielding a +0 giant club.
The ogre shouts!
An ogre is nearby!
An ogre is nearby!
The ogre barely misses you.
You puncture the ogre!
The ogre is heavily wounded.
The ogre closely misses you.
You barely miss the ogre.
The ogre is heavily wounded.
The ogre hits you with a +0 giant club!!
You hit the ogre.
The ogre is severely wounded.
The ogre hits you with a +0 giant club!!
* * * LOW HITPOINT WARNING * * *
You are too injured to fight recklessly!
You are too injured to fight recklessly!
Okay, then.
Okay, then.
It was a potion of ambrosia.
You are confused.
You feel invigorated.
The ogre hits you with a +0 giant club!!
You die...

####.# #..... ##.#... #
...... # #..#..####.#
#..... .. .......#...
#..... .#.##..........
......
........................
#...................#.
#. #..O#...##........##
#[..###@....#.........##
........#..............#
..>..##..........#......
..$..#...........##.....
#...##..................
## #........##......#..
. #..#.#######..####..
........ ##..# #..
..#....... ##..#####.


You could see an ogre.

Vanquished Creatures
  Sigmund (D:3)
  A jelly (D:4)
  Natasha (D:3)
  Robin (D:2)
  4 gnolls (D:3)
  7 adders
  An adder zombie (D:3)
  A worm (D:1)
  2 dart slugs
  7 orcs (D:3)
  4 endoplasms
  3 giant cockroaches
  21 goblins
  7 hobgoblins
  4 jackals (D:2)
  5 kobolds
  3 quokkas
  10 ball pythons
  5 bats
  3 frilled lizards
  6 rats
97 creatures vanquished.

Notes
Turn   | Place    | Note
-------+----------+-------------------------------------------
     0 | D:1      | zeram the Hill Orc Fighter began the quest for the Orb.
     0 | D:1      | Reached XP level 1. HP: 19/19 MP: 1/1
   287 | D:1      | Reached XP level 2. HP: 27/27 MP: 2/2
   381 | D:1      | Reached skill level 3 in Axes
   764 | D:1      | Reached XP level 3. HP: 33/33 MP: 3/3
  1089 | D:1      | Learned a level 2 spell: Call Imp
  1472 | D:2      | Noticed Robin
  1473 | D:2      | Reached skill level 4 in Axes
  1495 | D:2      | Reached XP level 4. HP: 9/40 MP: 4/4
  1518 | D:2      | HP: 2/40 [goblin[Robin] (1)]
  1525 | D:2      | HP: 2/40 [Robin (4)]
  1528 | D:2      | Killed Robin
  2026 | D:2      | Reached skill level 5 in Axes
  2563 | D:3      | Reached XP level 5. HP: 44/46 MP: 5/5
  2633 | D:3      | Noticed Sigmund
  2642 | D:3      | Killed Sigmund
  2643 | D:3      | Reached skill level 6 in Axes
  2643 | D:3      | Reached XP level 6. HP: 43/52 MP: 6/6
  2753 | D:3      | Found a faded altar of an unknown god.
  2774 | D:3      | Reached skill level 7 in Axes
  3324 | D:4      | Noticed Natasha
  3333 | D:3      | Killed Natasha
  3334 | D:3      | Reached skill level 5 in Armour
  3501 | D:4      | Reached XP level 7. HP: 54/59 MP: 7/7
  3526 | D:4      | Found a staircase to the Ecumenical Temple.
  3537 | D:4      | Slain by an ogre

Illustrated notes

Levels and vault maps discovered:
D:1:      ncdulo_smallfort, layout_loops_ring, nicolae_wormholes
D:2:      layout_loops_ring, uniq_robin
D:3:      layout_basic, nicolae_ecumenical_snake_handling,
          grunt_decor_resistance, kennysheep_generic_room_16, uniq_sigmund
D:4:      layout_cave_pools, minmay_temple_entry_slanted,
          kennysheep_decorative_pillar, minmay_ruined_shrine, uniq_natasha

Skill      XL: |  1  2  3  4  5  6 |
---------------+-------------------+-----
Axes           | 3 4 5 6 7 |  7.2
Fighting       | 4 |  4.0
Armour         | 4 5 |  5.2
Shields        | 4 |  4.3
Dodging        | |  0.1

Action                   |  1- 3 |  4- 6 |  7- 9 || total
-------------------------+-------+-------+-------++-------
Melee: War axe           |   124 |   130 |       ||   254
       Morningstar       |       |    32 |     3 ||    35
  Use: Potion            |     1 |     5 |     1 ||     7
       Scroll            |       |     1 |       ||     1
Armor: Scale mail        |    64 |    85 |       ||   149
Dodge: Dodged            |    60 |    96 |     2 ||   158
Block: Buckler           |    28 |    37 |       ||    65

Table legend: (Time is in decaauts)
 A = Elapsed time spent in this place.
 B = Non-inter-level travel time spent in this place.
 C = Inter-level travel time spent in this place.
 D = Time resting spent in this place.
 E = Time spent auto-exploring this place.
 F = Levels seen in this place.
 G = Mean time per level.
                   A        B        C        D        E       F      G
               +--------+--------+--------+--------+--------+-----+--------+
         Total |   3631 |   3530 |    101 |    555 |   2327 |   4 |  907.8 |
       Dungeon |   3631 |   3530 |    101 |    555 |   2327 |   4 |  907.8 |
               +--------+--------+--------+--------+--------+-----+--------+

Top non-repeatable levels by time:
     D:1: 1259 daAuts
     D:3: 1179 daAuts
     D:2: 1084 daAuts
     D:4: 108 daAuts
